 Dungeon Crawl Stone Soup version 0.28-a0-1234-g826d19b2e0 (webtiles) character file.

Game seed: 4240965380223114930

1093 ytrimaz the Insei (level 8, -2/62 HPs)
             Began as an Octopode Transmuter on Dec 24, 2021.
             Was an Initiate of Ashenzari.
             Slain by Duvessa (10 damage)
             ... on level 5 of the Dungeon.
             The game lasted 00:06:35 (5279 turns).

ytrimaz the Insei (Octopode Transmuter)             Turns: 5279, Time: 00:06:35

Health: -2/62      AC:  6    Str:  8 (10) XL:     8   Next: 31%
Magic:  11/14      EV: 10    Int: 14 (17) God:    Ashenzari [......]
Gold:   160        SH:  0    Dex:  9 (12) Spells: 6/16 levels left

rFire   x . .      SeeInvis .     - Unarmed
rCold   + + +      Faith    .   (shield currently unavailable)
rNeg    . . .      Spirit   .   (helmet currently unavailable)
rPois   +          Reflect  .   (no amulet)
rElec   .          Harm     .   (no ring)
rCorr   .          Rampage  .   (no ring)
Will    .....                   (no ring)
Stlth   +.........              (no ring)
HPRegen 0.20/turn               (no ring)
MPRegen 0.14/turn               (no ring)
                                (no ring)
                                (no ring)

@: ice-form, flying
A: freezing attack, boosted hp, almost no armour, amphibious, 8 rings, large,
(camouflage 1), (gelatinous body 1), (nimble swimmer 1), (tentacles),
deterioration 1
a: End Transformation, Renounce Religion


You were on level 5 of the Dungeon.
You worshipped Ashenzari.
Ashenzari was noncommittal.
You were a creature of crystalline ice.
You visited 2 branches of the dungeon, and saw 6 of its levels.

You collected 160 gold pieces.

Inventory:

Scrolls
 a - 2 scrolls of vulnerability
 e - 3 scrolls of fog
 h - 3 scrolls of noise
 i - a scroll of immolation
 k - a scroll of torment {unknown}
Potions
 b - 2 potions of brilliance
 g - a potion of degeneration


   Skills:
 * Level 3.5 Fighting
 * Level 4.1 Dodging
 + Level 5.6 Unarmed Combat
 * Level 4.5 Spellcasting
 * Level 4.6 Transmutations
 + Level 0.2 Ice Magic
 + Level 1.2 Poison Magic


You had 6 spell levels left.
You knew the following spells:

 Your Spells              Type           Power      Damage    Failure   Level
a - Beastly Appendage     Tmut           32%        N/A       2%          1
b - Wereblood             Tmut           16%        N/A       4%          2
c - Spider Form           Tmut/Pois      11%        N/A       17%         3
d - Ice Form              Ice/Tmut       9%         N/A       56%         4

Your spell library contained the following spells:

 Spells                   Type           Power      Damage    Failure   Level
 Shock                    Conj/Air       12%        1d3       19%         1
 Swiftness                Air            3%         N/A       50%         3
 Airstrike                Air            1%         N/A       88%         4


Dungeon Overview and Level Annotations

Branches:
Dungeon (5/15)             Temple (1/1) D:4

Altars:
Ashenzari
Cheibriados
Dithmenos
Hepliaklqana
Kikubaaqudgha
Makhleb
Nemelex Xobeh
Okawaru
Qazlal
Sif Muna
Trog
Uskayaw
Vehumet
Wu Jian
Yredelemnul
Zin
The Shining One

Shops:
D:1 (

Annotations:
D:5 Duvessa


Innate Abilities, Weirdness & Mutations

You are a creature of crystalline ice.
You have a powerful freezing melee attack.
Your maximum health is increased.
Your armour is entirely melded.
You are incapable of wielding weapons or throwing items.
You cannot wear most types of armour.
You are amphibious.
You can wear up to eight rings at the same time.
((Your skin changes colour to match your surroundings (Stealth+).))
((Your rubbery body absorbs attacks. (AC +1, EV +1)))
((You are camouflaged when in or above water. (Stealth+)))
((You have tentacles for arms and can constrict up to eight enemies at once.))
Your body sometimes deteriorates upon taking damage.


Message History

It was a potion of degeneration.
There was something very wrong with that liquid.
You feel weakened.
You feel dopey.
You feel clumsy.
You hear a shout!
It was a potion of mutation.
You feel extremely strange.
You feel less in control of your magic.
You regain control of your magic.
You feel yourself wasting away.
An ufetubus comes into view.
Duvessa hits you with a +0 rapier!
Your body deteriorates!
You feel dopey.
Unknown command.
Unknown command.
You punch Duvessa! You freeze Duvessa.
Duvessa is lightly wounded.
Duvessa hits you with a +0 rapier. Duvessa barely misses you.
You hit Duvessa. You freeze Duvessa.
Duvessa is moderately wounded.
Duvessa completely misses you.
You punch Duvessa! You freeze Duvessa.
Duvessa is heavily wounded.
Duvessa hits you with a +0 rapier!!
You hit Duvessa. You freeze Duvessa.
Duvessa is heavily wounded.
Duvessa barely misses you. Duvessa hits you with a +0 rapier!
You hit Duvessa but do no damage.
Duvessa is heavily wounded.
Duvessa hits you with a +0 rapier!
* * * LOW HITPOINT WARNING * * *
You hit Duvessa but do no damage.
Duvessa is heavily wounded.
Duvessa barely misses you. Duvessa hits you with a +0 rapier!
* * * LOW HITPOINT WARNING * * *
Unknown command.
You feel better. Duvessa hits you with a +0 rapier!
* * * LOW HITPOINT WARNING * * *
Your body deteriorates!
You feel clumsy.
As you read the scroll of fear, it crumbles to dust.
You assume a fearsome visage.
Duvessa is unaffected.
The ufetubus looks frightened!
Duvessa hits you with a +0 rapier!
You die...

... ≈≈≈ ... ≈≈≈
#.. .. ##....
...#5 #.#...
#....e## #Y###
#(..# ###.#
#.#############
#......)......#
##########....#
#....# #...(#
#....#


You could see Duvessa (berserk) and an ufetubus (fleeing).

Vanquished Creatures
  A hornet (D:5)
  Grinder (D:4)
  Sigmund (D:2)
  An ice beast (D:3)
  An ogre (D:4)
  A phantom (D:4)
  Dowan (D:5)
  A jelly (D:4)
  An orc priest (D:4)
  An iguana (D:4)
  2 orc wizards (D:4)
  A mummy (D:4)
  Robin (D:2)
  3 adders
  A dart slug (D:1)
  9 orcs
  4 ball pythons
  3 bats
  4 endoplasms (D:1)
  A giant cockroach (D:1)
  9 goblins
  6 hobgoblins
  4 jackals (D:1)
  7 kobolds
  A quokka (D:4)
  A frilled lizard (D:1)
  2 hobgoblin zombies (D:4)
  2 orc zombies (D:4)
  3 rats
74 creatures vanquished.

Notes
Turn   | Place    | Note
-------+----------+-------------------------------------------
     0 | D:1      | ytrimaz the Octopode Transmuter began the quest for the
                  | Orb.
     0 | D:1      | Reached XP level 1. HP: 13/13 MP: 3/3
    77 | D:1      | Reached XP level 2. HP: 5/18 MP: 5/5
   694 | D:1      | Found Riegie's Weapon Shoppe.
   987 | D:1      | Learned a level 2 spell: Wereblood
   998 | D:1      | Reached XP level 3. HP: 14/23 MP: 3/6
  1008 | D:1      | Learned a level 3 spell: Spider Form
  1525 | D:2      | Found an iron altar of Okawaru.
  1984 | D:2      | Noticed Sigmund
  1985 | D:2      | Noticed Robin
  2008 | D:2      | Killed Sigmund
  2009 | D:2      | Reached XP level 4. HP: 4/29 MP: 4/8
  2009 | D:2      | Reached XP level 5. HP: 5/34 MP: 4/9
  2400 | D:2      | Killed Robin
  2401 | D:2      | Reached skill level 4 in Unarmed Combat
  2415 | D:2      | Reached XP level 6. HP: 34/39 MP: 7/10
  2734 | D:3      | Found a radiant altar of Vehumet.
  2738 | D:3      | Found a faded altar of an unknown god.
  2787 | D:3      | Noticed an ice beast
  2801 | D:3      | Killed an ice beast
  3246 | D:4      | Noticed Grinder
  3267 | D:4      | Killed Grinder
  3268 | D:4      | Reached XP level 7. HP: 24/45 MP: 10/12
  3735 | D:4      | Found a basalt altar of Yredelemnul.
  3742 | D:4      | Found a staircase to the Ecumenical Temple.
  4064 | D:4      | Reached skill level 5 in Unarmed Combat
  4499 | Temple   | Entered the Ecumenical Temple
  4505 | Temple   | Learned a level 4 spell: Ice Form
  4676 | D:4      | Found an ancient bone altar of Kikubaaqudgha.
  4682 | D:4      | Reached XP level 8. HP: 52/52 MP: 8/14
  4723 | D:4      | Found a hide-covered altar of Uskayaw.
  4723 | D:4      | Found a broken altar of Ashenzari.
  4723 | D:4      | Found a shadowy altar of Dithmenos.
  4730 | D:4      | Found a stormy altar of Qazlal.
  4735 | D:4      | Found a hazy altar of Hepliaklqana.
  4845 | D:4      | Became a worshipper of Ashenzari the Shackled
  4884 | D:5      | Entered Level 5 of the Dungeon
  4906 | D:5      | Noticed a hornet
  4964 | D:5      | Killed a hornet
  4965 | D:5      | Reached skill level 1 in Poison Magic
  5051 | D:5      | Noticed Dowan
  5061 | D:5      | Killed Dowan
  5267 | D:5      | Noticed Duvessa
  5271 | D:5      | Gained mutation: Your spells are a little harder to cast,
                  | but a little more powerful. [potion of mutation]
  5271 | D:5      | Lost mutation: Your spells are a little harder to cast, but
                  | a little more powerful. [potion of mutation]
  5271 | D:5      | Gained mutation: Your body sometimes deteriorates upon
                  | taking damage. [potion of mutation]
  5279 | D:5      | Slain by Duvessa

Illustrated notes

Levels and vault maps discovered:
D:1:      dpeg_arrival_tiny_b, layout_basic, serial_shops, shop
D:2:      layout_loops_ring, basic_altar, eino_tiny_chamber, uniq_sigmund,
          uniq_robin
D:3:      layout_rooms, fiery_altar_vehumet, basic_ecumenical_altar
D:4:      layout_basic, minmay_overflow_temple_hex, lemuel_tele_altar,
          minmay_temple_entry_grid, minmay_mini_ossuary, uniq_grinder
D:5:      layout_basic, elyvilon_altar_3, uniq_duvessa
Temple:   compressed_dpeg_triangle_lava_temple

Skill      XL: |  1  2  3  4  5  6  7  8 |
---------------+-------------------------+-----
Fighting       | 2 3 |  3.5
Dodging        | 3 4 |  4.1
Spellcasting   | 3 4 |  4.5
Transmutations | 3 4 |  4.6
Unarmed Combat | 4 5 |  5.6
Poison Magic   | 1 |  1.2
Ice Magic      | |  0.2

Action                   |  1- 3 |  4- 6 |  7- 9 || total
-------------------------+-------+-------+-------++-------
Melee: Unarmed           |    84 |    57 |    92 ||   233
       Constrict         |    16 |     9 |     2 ||    27
       Tentacles         |     9 |     7 |     1 ||    17
       Kick              |    12 |     4 |       ||    16
       Punch             |     2 |     1 |       ||     3
 Cast: Beastly Appendage |    15 |     5 |     2 ||    22
       Wereblood         |     2 |     2 |     1 ||     5
       Spider Form       |       |     2 |     9 ||    11
       Ice Form          |       |       |     2 ||     2
  Use: Scroll            |     2 |     6 |     2 ||    10
       Potion            |     1 |       |     5 ||     6
 Stab: Sleeping          |     3 |     2 |       ||     5
Armor: Skin              |     3 |     4 |     1 ||     8
Dodge: Dodged            |    55 |    29 |    52 ||   136

Table legend: (Time is in decaauts)
 A = Elapsed time spent in this place.
 B = Non-inter-level travel time spent in this place.
 C = Inter-level travel time spent in this place.
 D = Time resting spent in this place.
 E = Time spent auto-exploring this place.
 F = Levels seen in this place.
 G = Mean time per level.
                   A        B        C        D        E       F      G
               +--------+--------+--------+--------+--------+-----+--------+
         Total |   5259 |   5048 |    211 |    508 |   3830 |   6 |  876.5 |
       Dungeon |   5098 |   4908 |    190 |    508 |   3703 |   5 | 1019.6 |
        Temple |    161 |    140 |     21 |      0 |    127 |   1 |  161.0 |
               +--------+--------+--------+--------+--------+-----+--------+

Top non-repeatable levels by time:
     D:4: 1477 daAuts
     D:1: 1351 daAuts
     D:2: 1331 daAuts
     D:3: 544 daAuts
     D:5: 393 daAuts
  Temple: 161 daAuts
